 Dungeon Crawl Stone Soup version 0.27-a0-1308-gc08437e49b (webtiles) character file.

Game seed: 18406449450669061591

61315 funkygono the Polluter (level 15, -3/101 HPs)
             Began as a Formicid Venom Mage on June 18, 2021.
             Was a High Priest of Vehumet.
             Slain by a demonic crawler (8 damage)
             ... on level 3 of the Lair of Beasts on June 19, 2021.
             The game lasted 01:17:40 (22861 turns).

funkygono the Polluter (Formicid Venom Mage)       Turns: 22861, Time: 01:17:41

Health: -3/101     AC: 12    Str: 15    XL:     15   Next: 41%
Magic:  33/33      EV: 16    Int: 25    God:    Vehumet [*****.]
Gold:   1714       SH:  0    Dex: 11    Spells: 9/43 levels left

rFire    . . .     SeeInvis +   x - +2 demon whip (freeze)
rCold    + . .     Faith    .   (no shield)
rNeg     . . .     Spirit   .   F - +2 ring mail {rC+}
rPois    .         Reflect  .   (helmet unavailable)
rElec    .         Harm     .   z - +0 cloak
rCorr    .         Rampage  .   l - +1 pair of gloves
Will     +....                  N - +0 pair of boots
Stlth    +.........             i - amulet of regeneration
HPRegen  1.26/turn              a - +6 ring of intelligence
MPRegen  0.23/turn              n - +4 ring of evasion

@: no status effects
A: permanent stasis, dig shafts and tunnels, antennae 3, four strong arms
a: Dig, Shaft Self, Renounce Religion


You were on level 3 of the Lair of Beasts.
You worshipped Vehumet.
Vehumet was extremely pleased with you.
You visited 5 branches of the dungeon, and saw 21 of its levels.
You also visited: Sewer.

You collected 1714 gold pieces.

Inventory:

Hand Weapons
 x - a +2 demon whip of freezing (weapon)
 E - a +4 dire flail of protection
Missiles
 I - 5 throwing nets
Armour
 h - the +3 leather armour of Slovenliness {-Tele rC+ rCorr Stlth+}
   (You found it on level 9 of the Dungeon)

   It protects you from cold.
   It prevents most forms of teleportation.
   It protects you from acid and corrosion.
   It makes you more stealthy.
 l - a +1 pair of gloves (worn)
 r - a +2 buckler
 z - a +0 cloak (worn)
 F - a +2 ring mail of cold resistance (worn)
 N - a +0 pair of boots (worn)
Jewellery
 a - a +6 ring of intelligence (left hand)
 i - an amulet of regeneration (around neck)
 n - a +4 ring of evasion (right hand)
Wands
 d - a wand of iceblast (16)
 j - a wand of acid (8)
 A - a wand of digging (3)
 B - a wand of mindburst (16)
 L - a wand of flame (34)
Scrolls
 b - 6 scrolls of identify
 y - a scroll of magic mapping
 H - a scroll of fog
 K - 2 scrolls of amnesia
Potions
 c - 6 potions of curing
 e - 3 potions of brilliance
 f - a potion of magic
 g - 8 potions of flight
 m - a potion of invisibility
 q - 4 potions of might
 u - 4 potions of attraction
 v - 5 potions of mutation
 w - 2 potions of cancellation
 D - 2 potions of resistance


   Skills:
 + Level 4.5 Fighting
 + Level 7.0 Maces & Flails
 + Level 4.8 Armour
 + Level 5.7 Dodging
 - Level 2.4 Stealth
 + Level 14.8 Spellcasting
 + Level 2.8 Conjurations
 + Level 8.9 Transmutations
 + Level 7.4 Fire Magic
 + Level 5.8 Ice Magic
 + Level 4.9 Earth Magic
 + Level 15.7 Poison Magic


You had 9 spell levels left.
You knew the following spells:

 Your Spells              Type           Power      Damage    Failure   Level
a - Sting                 Tmut/Pois      100%       1d8       1%          1
b - Mephitic Cloud        Conj/Pois/Air  49%        N/A       1%          3
c - Ignite Poison         Fire/Tmut/Pois 64%        N/A       1%          3
d - Olgreb's Toxic Radia  Pois           77%        N/A       1%          4
e - Sandblast             Erth           86%        2d18      1%          1
f - Frozen Ramparts       Ice            94%        1d11      1%          3
g - Foxfire               Conj/Fire      100%       2x1d9     1%          1
h - Ozocubu's Armour      Ice            47%        N/A       1%          3
i - Stone Arrow           Conj/Erth      76%        3d11      1%          3
j - Fireball              Conj/Fire      22%        3d10      5%          5
k - Ozocubu's Refrigerat  Ice            23%        4d9       67%         7

Your spell library contained the following spells:

 Spells                   Type           Power      Damage    Failure   Level
 Freeze                   Ice            100%       1d11      1%          1
 Passwall                 Tmut/Erth      43%        N/A       1%          2
 Poisonous Vapours        Pois/Air       100%       N/A       1%          2
 Conjure Flame            Conj/Fire      44%        6-21      1%          3
 Hailstorm                Conj/Ice       40%        3d10      2%          4
 Petrify                  Tmut/Erth      52%        N/A       3%          4
 Lee's Rapid Deconstruct  Erth           21%        3d13*     5%          5
 Freezing Cloud           Conj/Ice/Air   16%        6-21      13%         5
 Metabolic Englaciation   Hex/Ice        16%        N/A       43%         5


Dungeon Overview and Level Annotations

Branches:
Dungeon (11/15)            Temple (1/1) D:4            Lair (6/6) D:8
 Shoals (0/4) Lair:4       Spider (1/4) Lair:3        Slime (0/5) Lair:6
    Orc (2/2) D:10            Elf (0/3) Orc:2         Sewer (visited)

Altars:
Ashenzari
Cheibriados
Dithmenos
Elyvilon
Fedhas
Gozag
Hepliaklqana
Kikubaaqudgha
Makhleb
Nemelex Xobeh
Okawaru
Qazlal
Ru
Sif Muna
Trog
Uskayaw
Vehumet
Wu Jian
Xom
Yredelemnul
Zin
The Shining One
Jiyva

Shops:
D:3 !   Orc:1 (   Orc:2 :((*

Portals:
Abyss: Lair:2

Annotations:
D:4 Blork the orc
D:9 exclusion: obsidian statue
Lair:2 2 transporters, totalnoob's ghost, journeyman TrWr
Lair:4 2 runed translucent doors, Quyjis's ghost, journeyman DDGl


Innate Abilities, Weirdness & Mutations

You cannot be hasted, slowed, berserked, paralysed or teleported.
You can dig through walls and to a lower floor.
You have a pair of large antennae on your head. (SInv)
Your four strong arms can wield two-handed weapons with a shield.


Message History

The demonic crawler closely misses you.
You hit the demonic crawler. You freeze the demonic crawler.
The demonic crawler is moderately wounded.
The demonic crawler barely misses you.
The demonic crawler completely misses you.
The demonic crawler barely misses you.
You hit the demonic crawler but do no damage.
The demonic crawler is moderately wounded.
The demonic crawler misses you.
The demonic crawler hits you but does no damage.
The demonic crawler barely misses you.
You hit the demonic crawler but do no damage.
The demonic crawler is moderately wounded.
The demonic crawler hits you.
* * * LOW HITPOINT WARNING * * *
The demonic crawler misses you. The demonic crawler hits you.
* * * LOW HITPOINT WARNING * * *
You hit the demonic crawler but do no damage.
The demonic crawler is moderately wounded.
The demonic crawler barely misses you. The demonic crawler hits you.
* * * LOW HITPOINT WARNING * * *
The demonic crawler hits you but does no damage.
You hit the demonic crawler.
The demonic crawler is moderately wounded.
The demonic crawler misses you. The demonic crawler hits you.
* * * LOW HITPOINT WARNING * * *
The demonic crawler misses you.
You whack the demonic crawler! You freeze the demonic crawler.
The demonic crawler is heavily wounded.
The demonic crawler hits you.
* * * LOW HITPOINT WARNING * * *
The demonic crawler misses you. x2
You whack the demonic crawler! You freeze the demonic crawler.
The demonic crawler is severely wounded.
The demonic crawler hits you but does no damage. x2
The demonic crawler barely misses you.
You closely miss the demonic crawler.
The demonic crawler is severely wounded.
The demonic crawler hits you!
You die...

.......#......P#....P#........###
........#.....##P#.......P..####.
..#.#.........#####..........##..
###.....###..### #....###..####.
##......####.#.# #.#.#####.# #..
#P...)..>.#..## ##.....###.###..
##........#.## ##......##P..#...
#........#...###s.....###...#...
###)..?###...##@#.....# ##......
##...#.#............####......
###..###...#.......#.##......
##.#.....#....#...........≈
#................#.<...≈≈≈
##.......P.......#....≈≈≈.
#.................P...≈..
#...>...................#
###..........[............#


You could see a demonic crawler.

Vanquished Creatures
  Jorgrun (Orc:2)
  Nessos (Lair:4)
  Harold (D:8)
  5 hydras
  A catoblepas (Lair:5)
  An alligator (Lair:6)
  Erica (D:8)
  3 orc high priests (Orc:2)
  Urug (Lair:6)
  5 orc knights
  Pikel (D:7)
  5 orc sorcerers (Orc:2)
  A wolf spider (Lair:3)
  A cyclops (Orc:2)
  4 black mambas
  Joseph (D:8)
  20 elephants
  13 cane toads
  A torpor snail (Spider:1)
  8 komodo dragons
  A jumping spider (Spider:1)
  4 polar bears
  5 trolls
  4 hornets (Lair:6)
  3 blink frogs (Lair:3)
  Prince Ribbit (D:9)
  A dream sheep (Lair:6)
  5 redbacks (Spider:1)
  Eustachio (D:5)
  19 spriggans
  58 yaks
  4 wyverns
  11 basilisks
  A warg (Orc:2)
  Edmund (D:6)
  21 water moccasins
  6 black bears
  17 orc warriors
  An ice beast (D:7)
  4 sky beasts
  A hornet zombie (D:7)
  2 necrophages
  5 boggarts (Lair:6)
  10 ogres
  16 wolves
  6 centaurs
  2 lemures (D:7)
  A kobold brigand (D:6)
  9 bullfrogs
  A gnoll sergeant (D:8)
  8 scorpions
  4 killer bees
  4 wights (D:8)
  3 electric eels
  A bullfrog zombie (D:7)
  Crazy Yiuf (D:5)
  6 centaur zombies
  10 orc priests
  2 hounds
  2 bullfrog skeletons
  3 iguanas
  9 orc wizards
  A merfolk siren (Sewer)
  A merfolk avatar (Sewer)
  A killer bee zombie (D:8)
  A hound skeleton (D:3)
  Robin (D:3)
  A howler monkey zombie (D:9)
  13 gnolls
  18 adders
  A howler monkey skeleton (D:4)
  2 river rats (Sewer)
  A shadow imp (D:8)
  14 white imps
  An ufetubus (D:4)
  An adder zombie (D:5)
  6 worms
  3 dart slugs
  27 orcs
  10 endoplasms
  7 giant cockroaches
  18 goblins
  8 hobgoblins
  4 jackals (D:3)
  5 quokkas
  6 ball pythons
  5 bats
  6 frilled lizards
  14 kobolds
  25 rats
  2 bushes
552 creatures vanquished.

Vanquished Creatures (collateral kills)
  6 foxfires
6 creatures vanquished.

Vanquished Creatures (others)
  A bush (D:8)
  88 foxfires
  36 fungi
  64 plants
189 creatures vanquished.

Grand Total: 747 creatures vanquished

Notes
Turn   | Place    | Note
-------+----------+-------------------------------------------
     0 | D:1      | funkygono the Formicid Venom Mage began the quest for the
                  | Orb.
     0 | D:1      | Reached XP level 1. HP: 13/13 MP: 3/3
   310 | D:1      | Reached XP level 2. HP: 18/19 MP: 0/5
   996 | D:2      | Reached XP level 3. HP: 24/24 MP: 4/6
  1447 | D:2      | Reached XP level 4. HP: 31/31 MP: 6/8
  1469 | D:2      | Learned a level 3 spell: Mephitic Cloud
  1473 | D:2      | Learned a level 3 spell: Ignite Poison
  1645 | D:2      | Found a faded altar of an unknown god.
  1835 | D:2      | Reached skill level 1 in Maces & Flails
  1898 | D:2      | Reached skill level 1 in Fighting
  2138 | D:2      | Reached XP level 5. HP: 37/37 MP: 6/9
  2383 | D:2      | Reached skill level 5 in Poison Magic
  2646 | D:3      | Found Zull's Distillery.
  2766 | D:3      | Found a sparkling altar of Nemelex Xobeh.
  2875 | D:3      | Reached XP level 6. HP: 43/43 MP: 8/11
  2925 | D:3      | Noticed Robin
  2949 | D:3      | Killed Robin
  3082 | D:3      | Found an ornate altar of the Wu Jian Council.
  3276 | D:3      | Learned a level 4 spell: Olgreb's Toxic Radiance
  3300 | D:4      | Noticed a necrophage
  3314 | D:4      | Killed a necrophage
  3332 | D:4      | Noticed Blork the orc
  3364 | D:4      | Found a staircase to the Ecumenical Temple.
  3383 | Temple   | Entered the Ecumenical Temple
  3436 | Temple   | Became a worshipper of Vehumet
  3713 | D:4      | Noticed a necrophage
  3760 | D:3      | Killed a necrophage
  3761 | D:3      | Reached skill level 1 in Armour
  3761 | D:3      | Reached XP level 7. HP: 41/48 MP: 3/13
  4247 | D:5      | Entered Level 5 of the Dungeon
  4318 | D:5      | Reached skill level 6 in Poison Magic
  4439 | D:5      | Reached XP level 8. HP: 55/55 MP: 14/14
  4461 | D:5      | Noticed Eustachio
  4484 | D:5      | Killed Eustachio
  4582 | D:5      | Found a runed translucent door.
  4583 | D:5      | Noticed Crazy Yiuf
  4599 | D:5      | Killed Crazy Yiuf
  4833 | D:5      | Found a glowing drain.
  4847 | Sewer    | Entered a sewer
  4863 | Sewer    | Reached * piety under Vehumet
  4863 | Sewer    | Offered knowledge of Sandblast by Vehumet.
  4869 | Sewer    | Learned a level 1 spell: Sandblast
  4873 | Sewer    | Learned a level 3 spell: Frozen Ramparts
  5014 | Sewer    | Reached skill level 5 in Spellcasting
  5304 | Sewer    | Offered knowledge of Foxfire by Vehumet.
  5305 | Sewer    | Reached ** piety under Vehumet
  5653 | D:5      | Learned a level 1 spell: Foxfire
  6043 | D:6      | Reached skill level 1 in Fire Magic
  6062 | D:6      | Reached skill level 7 in Poison Magic
  6136 | D:6      | Found a glowing silver altar of Zin.
  6152 | D:6      | Reached skill level 1 in Ice Magic
  6152 | D:6      | Reached XP level 9. HP: 47/61 MP: 9/17
  6350 | D:6      | Noticed Edmund
  6355 | D:6      | Killed Edmund
  6661 | D:6      | Learned a level 3 spell: Ozocubu's Armour
  6734 | D:7      | Found the -2 hat of the Alchemist {rElec rPois rF+ rC+ rN+
                  | Will+ rMut rCorr}
  6755 | D:7      | Reached skill level 5 in Transmutations
  6869 | D:7      | Offered knowledge of Searing Ray by Vehumet.
  7071 | D:7      | Noticed Pikel
  7093 | D:7      | Killed Pikel
  7094 | D:7      | Reached skill level 8 in Poison Magic
  7242 | D:7      | Reached XP level 10. HP: 68/68 MP: 11/20
  7346 | D:7      | Found a shimmering altar of Xom.
  7689 | D:8      | Noticed Erica
  7695 | D:8      | Killed Erica
  7878 | D:8      | Reached skill level 9 in Poison Magic
  7940 | D:8      | Found a shadowy altar of Dithmenos.
  7941 | D:8      | Found an opulent altar of Gozag.
  8032 | D:8      | Found a blossoming altar of Fedhas.
  8046 | D:8      | Noticed Harold
  8053 | D:8      | Killed Harold
  8179 | D:8      | Reached skill level 5 in Maces & Flails
  8179 | D:8      | Reached skill level 1 in Conjurations
  8180 | D:8      | Reached *** piety under Vehumet
  8181 | D:8      | Reached XP level 11. HP: 74/74 MP: 10/23
  8334 | D:8      | Found a staircase to the Lair.
  8344 | D:8      | Noticed Joseph
  8350 | D:8      | Killed Joseph
  8351 | D:8      | Reached skill level 10 in Poison Magic
  8503 | D:8      | Identified the +5 whip "Wonk" {holy, Will+}
  8557 | D:8      | Found a stormy altar of Qazlal.
  8573 | D:8      | Found an iron altar of Okawaru.
  8925 | D:8      | Learned a level 3 spell: Stone Arrow
  9055 | Lair:1   | Entered Level 1 of the Lair of Beasts
  9057 | Lair:1   | Noticed an eight-headed hydra
  9060 | Lair:1   | Offered knowledge of Sticky Flame by Vehumet.
  9266 | D:8      | Killed an eight-headed hydra
  9538 | Lair:1   | Reached skill level 1 in Earth Magic
 10303 | Lair:1   | Reached XP level 12. HP: 25/81 MP: 23/25
 10836 | Lair:2   | Noticed a hell hog
 10845 | Lair:2   | Noticed totalnoob's ghost (journeyman TrWr)
 10855 | Lair:2   | Reached skill level 10 in Spellcasting
 10896 | Lair:2   | Found a transporter.
 10996 | Lair:2   | Noticed a six-headed hydra
 11011 | Lair:2   | Killed a six-headed hydra
 11012 | Lair:2   | Reached skill level 11 in Poison Magic
 11130 | Lair:2   | Found a one-way gate to the infinite horrors of the Abyss.
 11184 | Lair:2   | Reached **** piety under Vehumet
 11318 | Lair:2   | Found a transporter.
 11388 | Lair:2   | Reached skill level 5 in Dodging
 11764 | Lair:2   | Noticed a great orb of eyes
 11958 | Lair:3   | Offered knowledge of Fireball by Vehumet.
 12237 | Lair:3   | Reached skill level 5 in Fire Magic
 12570 | Lair:3   | Reached skill level 12 in Poison Magic
 12648 | Lair:3   | Reached XP level 13. HP: 72/88 MP: 20/28
 12823 | Lair:3   | Found a hole to the Spider Nest.
 13164 | Lair:3   | Learned a level 5 spell: Fireball
 13307 | Lair:4   | Reached skill level 5 in Ice Magic
 13315 | Lair:4   | Noticed a five-headed hydra
 13322 | Lair:4   | Killed a five-headed hydra
 13322 | Lair:4   | Reached ***** piety under Vehumet
 13322 | Lair:4   | Offered knowledge of Lightning Bolt by Vehumet.
 13700 | Lair:4   | Noticed Nessos
 13704 | Lair:4   | Killed Nessos
 13782 | Lair:4   | Found a staircase to the Shoals.
 13878 | Lair:4   | Noticed a four-headed hydra
 13889 | Lair:4   | Killed a four-headed hydra
 13928 | Lair:4   | Found a large runed translucent door.
 13928 | Lair:4   | Found a large runed translucent door.
 13931 | Lair:4   | Noticed Quyjis's ghost (journeyman DDGl)
 15005 | Lair:5   | Noticed a catoblepas
 15011 | Lair:5   | Killed a catoblepas
 15012 | Lair:5   | Reached skill level 13 in Poison Magic
 15548 | Lair:6   | Entered Level 6 of the Lair of Beasts
 16002 | Lair:6   | Reached XP level 14. HP: 93/96 MP: 5/30
 16946 | Lair:6   | Reached skill level 14 in Poison Magic
 17122 | Lair:6   | Noticed Urug
 17125 | Lair:6   | Killed Urug
 18060 | Lair:6   | Found a viscous altar of Jiyva.
 18061 | Lair:6   | Found a staircase to the Slime Pits.
 18626 | D:9      | Noticed Prince Ribbit
 18629 | D:9      | Killed Prince Ribbit
 19258 | D:9      | Found a bloodstained altar of Trog.
 19495 | D:9      | Identified the +3 leather armour of Slovenliness {-Tele rC+
                  | rCorr Stlth+}
 19609 | D:9      | Found a hide-covered altar of Uskayaw.
 19953 | D:10     | Entered Level 10 of the Dungeon
 20016 | D:10     | Found a sacrificial altar of Ru.
 20025 | D:10     | Found a staircase to the Orcish Mines.
 20033 | D:10     | Offered knowledge of Iskenderun's Mystic Blast by Vehumet.
 20406 | D:10     | Found a broken altar of Ashenzari.
 20747 | Orc:1    | Entered Level 1 of the Orcish Mines
 20747 | Orc:1    | Found Koax's Firing Range.
 21243 | Orc:2    | Entered Level 2 of the Orcish Mines
 21521 | Orc:2    | Reached XP level 15. HP: 101/101 MP: 7/33
 21722 | Orc:2    | Reached skill level 15 in Poison Magic
 21729 | Orc:2    | Offered knowledge of Ozocubu's Refrigeration by Vehumet.
 21742 | Orc:2    | Found Zaithrub's Antique Weapon Shoppe.
 21742 | Orc:2    | Found Yxtuinukh's Book Shoppe.
 21744 | Orc:2    | Found Seunk's General Store.
 21744 | Orc:2    | Found Petecaf's Weapon Shop.
 21861 | Orc:2    | Found a staircase to the Elven Halls.
 21863 | Orc:2    | Noticed Jorgrun
 21871 | Orc:2    | Killed Jorgrun
 22490 | Orc:2    | Identified a scroll of acquirement
 22492 | Orc:2    | Acquired a +2 demon whip of freezing
 22503 | Orc:2    | Learned a level 7 spell: Ozocubu's Refrigeration
 22734 | Spider:1 | Entered Level 1 of the Spider Nest
 22830 | Lair:3   | HP: 5/101 [demonic crawler (5)]
 22835 | Lair:3   | HP: 4/101 [demonic crawler (2)]
 22856 | Lair:3   | HP: 5/101 [demonic crawler (1)]
 22861 | Lair:3   | Slain by a demonic crawler

Illustrated notes

Levels and vault maps discovered:
D:1:      lemuel_arrival_hallway, layout_basic
D:2:      minmay_wonky_spiral, layout_basic,
          ebering_ecumenical_altar_sacrificial, minivault_5
D:3:      layout_rooms, lemuel_coloured_pillars_altar,
          nicolae_wu_jian_immortal_techniques, serial_shops, shop_fountains,
          uniq_robin
D:4:      layout_basic, minmay_temple_entry_mist, minivault_23, st_stairs_10,
          guppyfry_early_lair_pool, uniq_blork_the_orc
D:5:      layout_loops_ring, cheibrodos_sewer_entry_drain, uniq_eustachio,
          uniq_crazy_yiuf_cottage
D:6:      layout_basic, kennysheep_mini, uniq_edmund
D:7:      layout_cave_pools, general_overflow_altar, minmay_misc_feat_roman,
          nrook_mini_backslash, uniq_pikel
D:8:      layout_loops_ring, grunt_temple_overflow_open,
          fedhas_bush_and_centaur_altar, minitemple, minmay_lair_entry_grove,
          uniq_erica, uniq_harold, uniq_joseph
D:9:      layout_loops_ring, marbit_many_paths, trog_ov_bears_minmay,
          minivault_16, uniq_prince_ribbit1
D:10:     minmay_angry_zag, layout_cross, old_standard_altar,
          kennysheep_little_box, minmay_misc_feat_plants,
          chequers_hall_statues_corner_a
D:11:     layout_basic, uniq_sonja
Temple:   compressed_dpeg_triangle_lava_temple
Lair:1:   kb_forest_paths, layout_gridlike
Lair:2:   layout_loops_ring, gammafunk_ghost_abyssal_escape,
          infiniplex_staircase_pool
Lair:3:   layout_misc_corridors, nicolae_spider_entry_non_spiders,
          chequers_serial_rivers_small_a, lemuel_fruit_tree
Lair:4:   layout_hall_layers, shoals_dummy_entry, ebering_ghost_disaster_area,
          grunt_forest_small_clearings, small_statue_intersection,
          grunt_megastairs_5, serial_bayou_shore_b, serial_bayou_shore_b,
          uniq_nessos
Lair:5:   layout_misc_corridors
Lair:6:   minmay_lair_end_enchanted_forest, layout_regular_city, slime_altar_1,
          uniq_urug
Spider:1: layout_spider_delve, gammafunk_ghost_tricky_traps
Orc:1:    layout_caves, serial_shops, shop_fountains, nicolae_shop_firing_range
Orc:2:    st_orc_elflike, layout_caves, portal_ice_cave_entry_imps, uniq_jorgrun

Skill      XL: |  1  2  3  4  5  6  7  8  9 10 11 12 13 14 15 |
---------------+----------------------------------------------+-----
Dodging        | 2 3 4 5 |  5.7
Transmutations | 2 3 4 5 6 7 8 |  8.9
Spellcasting   | 3 4 5 6 8 9 11 12 14 | 14.8
Maces & Flails | 1 2 3 4 5 6 7 |  7.0
Fighting       | 1 2 3 4 |  4.5
Poison Magic   | 5 6 7 8 9 10 12 13 14 15 | 15.7
Armour         | 1 2 3 4 |  4.8
Fire Magic     | 1 3 4 5 6 7 |  7.4
Ice Magic      | 1 3 4 5 |  5.8
Conjurations   | 1 2 |  2.8
Earth Magic    | 2 4 |  4.9
Stealth        | |  2.4

Action                   |  1- 3 |  4- 6 |  7- 9 | 10-12 | 13-15 || total
-------------------------+-------+-------+-------+-------+-------++-------
Melee: Mace              |    35 |   105 |   145 |       |       ||   285
       Dire flail        |       |       |    30 |    42 |       ||    72
       Whip              |       |       |       |   179 |   117 ||   296
       Demon whip        |       |       |       |       |    18 ||    18
 Cast: Sting             |    39 |    86 |    65 |     3 |     4 ||   197
       Olgreb's Toxic Ra |       |       |    26 |    60 |   146 ||   232
       Ignite Poison     |       |       |    20 |    66 |   148 ||   234
       Foxfire           |       |       |    18 |    12 |    25 ||    55
       Frozen Ramparts   |       |       |       |    18 |    23 ||    41
       Stone Arrow       |       |       |       |    17 |    55 ||    72
       Ozocubu's Armour  |       |       |       |     4 |     8 ||    12
       Fireball          |       |       |       |       |    24 ||    24
 Abil: Dig               |       |       |     1 |       |     1 ||     2
  Use: Scroll            |     2 |     5 |     6 |     9 |     8 ||    30
       Potion            |       |       |       |     1 |     2 ||     3
Armor: Robe              |     6 |     9 |       |       |       ||    15
       Leather armour    |       |    31 |    89 |    57 |    72 ||   249
       Ring mail         |       |       |       |       |    46 ||    46
Dodge: Dodged            |    27 |   118 |   227 |   156 |   212 ||   740

Table legend: (Time is in decaauts)
 A = Elapsed time spent in this place.
 B = Non-inter-level travel time spent in this place.
 C = Inter-level travel time spent in this place.
 D = Time resting spent in this place.
 E = Time spent auto-exploring this place.
 F = Levels seen in this place.
 G = Mean time per level.
                   A        B        C        D        E       F      G
               +--------+--------+--------+--------+--------+-----+--------+
         Total |  22957 |  22162 |    795 |   1892 |  16095 |  22 | 1043.5 |
       Dungeon |  10952 |  10599 |    353 |    529 |   7783 |  11 |  995.6 |
        Temple |    215 |    211 |      4 |      0 |    207 |   1 |  215.0 |
          Lair |   9432 |   9026 |    406 |   1155 |   6507 |   6 | 1572.0 |
   Spider Nest |     17 |     17 |      0 |      0 |      0 |   1 |   17.0 |
  Orcish Mines |   1656 |   1625 |     31 |    208 |   1073 |   2 |  828.0 |
         Sewer |    682 |    682 |      0 |      0 |    525 |   1 |  682.0 |
               +--------+--------+--------+--------+--------+-----+--------+

Top non-repeatable levels by time:
  Lair:6: 2832 daAuts
     D:8: 1725 daAuts
  Lair:1: 1572 daAuts
  Lair:4: 1543 daAuts
     D:9: 1363 daAuts
  Lair:3: 1311 daAuts
  Lair:2: 1260 daAuts
     D:2: 1257 daAuts
     D:1: 1171 daAuts
   Orc:2: 1151 daAuts
     D:6: 1010 daAuts
     D:7: 1005 daAuts
     D:3: 994 daAuts
  Lair:5: 912 daAuts
     D:5: 834 daAuts
